 Dungeon Crawl Stone Soup version 0.30-a0-395-gfe72c296f8 (webtiles) character file.

Game seed: 10481013406108814261

370105 Depression the Devastator (level 22, -14/206 HPs)
             Began as a Naga Warper on Dec 7, 2022.
             Was an Initiate of Gozag.
             Killed from afar by Jory (78 damage)
             ... with a crystal spear
             ... on level 3 of the Vaults on Dec 8, 2022.
             The game lasted 05:57:57 (60385 turns).

Depression the Devastator (Naga Warper)            Turns: 60385, Time: 05:57:58

Health: -14/206    AC: 27    Str: 27    XL:     22   Next: 64%
Magic:  5/47       EV:  8    Int: 24    God:    Gozag
Gold:   5544       SH: 21    Dex: 16    Spells: 13/45 levels left

rFire   . . .      SeeInvis +    m - +9 broad axe (freeze)
rCold   + + .      Faith    .    F - +2 kite shield
rNeg    . . .      Spirit   .    r - +1 ring mail of Hairiness {rElec rPois rC++}
rPois   +          Reflect  +    p - +0 helmet
rElec   +          Harm     .    q - +2 cloak
rCorr   +          Rampage  .    Q - +2 pair of gloves {hurl}
Will    +++..                    D - +0 barding
Stlth   +.........               H - amulet of reflection
HPRegen 0.54/turn                e - ring "Eqeerotz" {rElec Str+3 Dex+6 Slay+3}
MPRegen 0.30/turn                y - ring "Mesemm" {Drain Will+ rCorr MP+9 Str+9}

@: studying Summonings, very slow
A: AC +7, large, see invisible, deformed body, poison resistance, slowness 2,
spit poison 1, naga tail 2, mutation resistance 1
}: 2/15 runes: decaying, gossamer
a: Spit Poison, Renounce Religion, Potion Petition, Call Merchant, Bribe Branch


You were on level 3 of the Vaults.
You worshipped Gozag.
Gozag was greatly pleased with you.
You visited 10 branches of the dungeon, and saw 40 of its levels.
You also visited: Bailey.

You collected 17815 gold pieces.
You spent 1110 gold pieces at shops.
You paid 11161 gold pieces to Gozag.

Inventory:

Hand Weapons
 m - a +9 broad axe of freezing (weapon)
Missiles
 a - 5 curare-tipped darts
 d - 7 boomerangs of dispersal
 i - 30 javelins
 s - 26 boomerangs (quivered)
 z - 3 throwing nets
 V - 2 silver javelins
Armour
 p - a +0 helmet (worn)
 q - a +2 cloak (worn)
 r - the +1 ring mail of Hairiness (worn) {rElec rPois rC++}
   (You found it on level 3 of the Swamp)

   rC:        It greatly protects you from cold.
   rElec:     It insulates you from electricity.
   rPois:     It protects you from poison.
 D - a +0 barding (worn)
 F - a +2 kite shield (worn)
 Q - a +2 pair of gloves of hurling (worn)
Jewellery
 e - the ring "Eqeerotz" (left hand) {rElec Str+3 Dex+6 Slay+3}
   (You acquired it on level 14 of the Dungeon)

   [ring of dexterity]

   Str:       It affects your strength (+3).
   Dex:       It affects your dexterity (+6).
   Slay:      It affects your accuracy & damage with ranged weapons and melee
   (+3).
   rElec:     It insulates you from electricity.
 y - the ring "Mesemm" (right hand) {Drain Will+ rCorr MP+9 Str+9}
   (You found it on level 5 of the Dungeon)

   [ring of magical power]

   Str:       It affects your strength (+9).
   MP:        It affects your magic capacity (+9).
   rCorr:     It protects you from acid and corrosion.
   Drain:     It drains your maximum health when unequipped.
   Will:      It increases your willpower.
 G - the amulet of the Air {Inacc Air Fly rElec RMsl}
   (You took it off a deep elf demonologist on level 3 of the Elven Halls)

   [amulet of nothing]

   It reduces the accuracy of all your attacks.
   It enhances your air magic.
   rElec:     It insulates you from electricity.
   Fly:       It grants you flight.
   RMsl:      It protects you from missiles.
 H - an amulet of reflection (around neck)
 O - the ring "Tiyt Gibay" {Fire +Blink Will+ Str+4 Dex+3}
   (You bought it in a shop on level 11 of the Dungeon)

   [ring of fire]

   It enhances your fire magic.
   Str:       It affects your strength (+4).
   Dex:       It affects your dexterity (+3).
   rF:        It protects you from fire.
   rC:        It makes you vulnerable to cold.
   +Blink:    It lets you blink.
   Will:      It increases your willpower.
 Z - the ring "Pisk" {rN+ Will- AC+4 Dex+7}
   (You found it on level 3 of the Lair of Beasts)

   [ring of protection]

   AC:        It affects your AC (+4).
   Dex:       It affects your dexterity (+7).
   rN:        It protects you from negative energy.
   Will:      It decreases your willpower.
Wands
 u - a wand of acid (26)
 w - a wand of roots (10)
 C - a wand of flame (34)
 I - a wand of mindburst (12)
 J - a wand of digging (11)
 R - a wand of charming (18)
Scrolls
 c - 2 scrolls of blinking
 h - 6 scrolls of teleportation
 n - 10 scrolls of magic mapping
 v - 7 scrolls of poison
 A - 3 scrolls of enchant weapon
 P - 3 scrolls of fog
 S - 7 scrolls of immolation
 U - 5 scrolls of fear
 W - 7 scrolls of amnesia
 X - 4 scrolls of enchant armour
Potions
 b - 8 potions of flight
 f - 24 potions of curing
 g - 6 potions of lignification
 j - 3 potions of berserk rage
 k - 9 potions of haste
 l - 6 potions of ambrosia
 o - 5 potions of mutation
 t - a potion of heal wounds
 x - 5 potions of magic
 B - 11 potions of brilliance
 E - 7 potions of attraction
 L - 5 potions of might
 M - 6 potions of cancellation
 N - 2 potions of invisibility
 T - 5 potions of resistance
Miscellaneous
 K - a phantom mirror
 Y - a box of beasts (inert)


   Skills:
 - Level 14.0 Fighting
 + Level 13.6(14.0) Axes
 - Level 5.0(10.1) Polearms
 - Level 2.0 Throwing
 - Level 10.0 Armour
 - Level 5.0 Dodging
 - Level 15.0 Shields
 + Level 12.0 Spellcasting
 + Level 16.0 Conjurations
 - Level 10.0 Translocations
 - Level 2.0 Transmutations
 + Level 15.2 Fire Magic
 - Level 12.0 Poison Magic
 - Level 5.0 Evocations


You had 13 spell levels left.
You knew the following spells:

 Your Spells              Type           Power      Damage    Failure   Level
a - Scorch                Fire           100%       2d10      1%          2
b - Blink                 Tloc           100%       N/A       1%          2
c - Lesser Beckoning      Tloc           100%       N/A       1%          3
d - Poisonous Vapours     Pois/Air       86%        N/A       1%          2
e - Manifold Assault      Tloc           58%        N/A       1%          4
f - Momentum Strike       Conj/Tloc      100%       3d10      1%          2
g - Olgreb's Toxic Radia  Pois           64%        N/A       1%          4
h - Fireball              Conj/Fire      36%        3d15      1%          5
i - Starburst             Conj/Fire      36%        6d11      2%          6
j - Wereblood             Tmut           24%        N/A       6%          2

Your spell library contained the following spells:

 Spells                   Type           Power      Damage    Failure   Level
 Foxfire                  Conj/Fire      100%       2x1d9     0%          1
 Kiss of Death            Conj/Necr      100%       2d13      1%          1
 Sting                    Tmut/Pois      100%       1d8       1%          1
 Dazzling Flash           Conj/Hex       100%       N/A       1%          3
 Hailstorm                Conj/Ice       51%        3d11      1%          3
 Inner Flame              Hex/Fire       50%        N/A       1%          3
 Mephitic Cloud           Conj/Pois/Air  56%        N/A       1%          3
 Spider Form              Tmut/Pois      48%        N/A       1%          3
 Stone Arrow              Conj/Erth      100%       3d13      1%          3
 Teleport Other           Tloc           58%        N/A       1%          3
 Flame Wave               Conj/Fire      73%        2d16      1%          4
 Passage of Golubria      Tloc           58%        N/A       1%          4
 Iskenderun's Battlesphe  Conj           74%        2d12      1%          5
 Cigotuvi's Dreadful Rot  Necr/Pois/Air  66%        N/A       2%          2
 Vhi's Electric Charge    Tloc/Air       76%        N/A       3%          3
 Fulminant Prism          Conj/Hex       25%        3d13      3%          4
 Beastly Appendage        Tmut           48%        N/A       4%          1
 Irradiate                Conj/Tmut      27%        3d20      6%          5
 Ensorcelled Hibernation  Hex/Ice        28%        N/A       14%         2
 Confusing Touch          Hex            14%        N/A       26%         3
 Ozocubu's Armour         Ice            14%        N/A       26%         3
 Iron Shot                Conj/Erth      25%        9d5       45%         6
 Ice Form                 Ice/Tmut       19%        N/A       52%         4
 Anguish                  Hex/Necr       7%         N/A       65%         4
 Animate Armour           Summ/Erth      28%        N/A       65%         4
 Cause Fear               Hex            7%         N/A       65%         4
 Dispel Undead            Necr           14%        3d10      65%         4
 Leda's Liquefaction      Hex/Erth       7%         N/A       65%         4
 Blade Hands              Tmut           12%        N/A       73%         5
 Yara's Violent Unravell  Hex/Tmut       9%         3d6       86%         5
 Lee's Rapid Deconstruct  Erth           7%         3d6*      94%         5
 Silence                  Hex/Air        7%         N/A       94%         5
 Spellforged Servitor     Conj/Summ      25%        N/A       96%         7
 Statue Form              Tmut/Erth      12%        N/A       100%        6
 Summon Cactus Giant      Summ           7%         N/A       100%        6
 Dragon Form              Tmut           12%        N/A       100%        7
 Enfeeble                 Hex            7%         N/A       100%        7
 Haunt                    Necr/Summ      7%         N/A       100%        7
 Ozocubu's Refrigeration  Ice            7%         4d9       100%        7
 Summon Hydra             Summ           7%         N/A       100%        7
 Discord                  Hex            7%         N/A       100%        8
 Infestation              Necr           7%         N/A       100%        8
 Lehudib's Crystal Spear  Conj/Erth      25%        10d7      100%        8
 Chain Lightning          Conj/Air       25%        3d34      100%        9
 Fire Storm               Conj/Fire      36%        8d9       100%        9
 Shatter                  Erth           7%         3d9*      100%        9
 Animate Dead             Necr           Unusable   N/A       N/A         4
 Simulacrum               Ice/Necr       Unusable   N/A       N/A         6

Dungeon Overview and Level Annotations

Branches:
Dungeon (15/15) Zot: 24558  Temple (1/1) D:6 Zot: 5864    Lair (5/5) D:10 Zot: 15059
  Swamp (4/4) Lair:2 Zot: 15580  Spider (4/4) Lair:3 Zot: 17067   Slime (1/5) Lair:4 Zot: 5771
    Orc (2/2) D:11 Zot: 8911     Elf (3/3) Orc:2 Zot: 11244  Vaults (3/5) D:14 Zot: 12785
 Depths (2/4) D:15 Zot: 9945  Bailey (visited)
  Crypt: Vaults:2-3

Altars:
Ashenzari
Cheibriados
Dithmenos
Elyvilon
Fedhas
Gozag
Hepliaklqana
Kikubaaqudgha
Makhleb
Nemelex Xobeh
Okawaru
Qazlal
Ru
Sif Muna
Trog
Uskayaw
Vehumet
Wu Jian
Xom
Yredelemnul
Zin
The Shining One
Jiyva

Shops:
D:6 (   D:11 =   Orc:2 :!([(   Elf:2 :   Elf:3 ((

Portals:
Hell: Depths:1

Annotations:
D:13 exclusion: obsidian statue
Lair:4 2 transporters
Vaults:3 Jory


Innate Abilities, Weirdness & Mutations

Your serpentine skin is tough. (AC +7)
You have supernaturally acute eyesight. (SInv)
Armour fits poorly on your strangely shaped body.
Your system is resistant to poisons. (rPois)
You cover ground very slowly.
You can spit poison.
You can use your snake-like lower body to constrict enemies.
You are somewhat resistant to further mutation.


Message History

Casting: Starburst (mildly dangerous; 2% risk of failure)
Press: ? - help, Dir - look around, f - activate The bolt of fire hits Jory!!
Jory is severely damaged.
* * * LOW MAGIC WARNING * * *
You block Jory's attack. x2
Casting: Starburst (mildly dangerous; 2% risk of failure)
Confirm with . or Enter, or press ? or * to list all spells.
Casting: Starburst (mildly dangerous; 2% risk of failure)
Press: ? - help, Dir - look around, f - activate The bolt of fire hits Jory!!
Jory is almost destroyed.
* * * LOW MAGIC WARNING * * *
Jory hits you with a +0 great sword!! Jory bites you but does no damage.
Casting: Starburst (mildly dangerous; 2% risk of failure)
Confirm with . or Enter, or press ? or * to list all spells.
You don't have enough magic to cast this spell.
You hit Jory but do no damage. Your grab misses Jory.
Jory is almost destroyed.
Jory hits you with a +0 great sword!! You block Jory's attack.
You closely miss Jory. Your grab misses Jory.
Jory is almost destroyed.
Jory draws life force from you!!!
Jory is healed by the life force!
You hit Jory. Your grab misses Jory.
Jory is severely damaged.
Jory draws life force from you!!
* * * LOW HITPOINT WARNING * * *
Jory is healed by the life force!
You slice Jory!! You freeze Jory. You grab Jory.
Jory is almost destroyed.
You constrict Jory, but do no damage.
Jory says, "Hawthorn can't hurt me."
Jory hits you but does no damage. You block Jory's attack.
You slash Jory! You freeze Jory.
Jory is almost destroyed.
You constrict Jory, but do no damage. Jory gestures at you while chanting.
The crystal spear hits you!!!!
You die...
Your body crumbles into a pile of gold.

#.......#
#.......#
#.......#
#.......#
#.......#
#.......#
#.......#
#.......#
##@##+###
......?.V......
...............
...............
...............
...............
..#############
..


You could see Jory.

Vanquished Creatures
  Saint Roka (Vaults:2)
  Nikola (Swamp:4)
  Arachne (Spider:3)
  A tentacled monstrosity (Depths:1)
  3 acid blobs (Slime:1)
  2 deep elf blademasters (Elf:3)
  2 deep elf master archers (Elf:3)
  A sphinx (Vaults:2)
  Agnes (D:14)
  A tengu reaver (Depths:1)
  2 thorn hunters (Swamp:4)
  2 azure jellies (Slime:1)
  A fenstrider witch (Swamp:2)
  4 vault wardens
  3 emperor scorpions (Spider:4)
  4 deep elf sorcerers (Elf:3)
  6 ghost moths (Spider:4)
  A balrug (Depths:1)
  Aizul (Spider:1)
  3 orc warlords
  5 deep elf elementalists (Elf:3)
  A very ugly thing (Vaults:1)
  2 broodmothers (Spider:2)
  9 ironbound preservers
  A reaper (Depths:1)
  2 war gargoyles (Vaults:1)
  5 stone giants
  A quicksilver ooze (Slime:1)
  3 ironbound thunderhulks
  5 deep elf demonologists
  4 eleionomae
  5 deep elf annihilators (Elf:3)
  5 bunyips
  10 dire elephants
  2 deep elf death magi (Elf:3)
  3 spark wasps
  2 deep elf high priests
  2 ettins
  7 entropy weavers
  A yaktaur captain (Vaults:1)
  3 jiangshi (Depths:1)
  5 great orbs of eyes
  2 rakshasas
  A ghost crab (Swamp:2)
  29 hydras
  2 shambling mangroves
  6 vault guards
  A peacekeeper (Vaults:1)
  An ice dragon (Depths:1)
  A jorogumo (Spider:2)
  3 spriggan air magi (Depths:1)
  3 catoblepae
  3 ironbound frosthearts
  5 boulder beetles
  5 two-headed ogres
  8 centaur warriors
  3 deep troll shamans (Depths:1)
  2 radroaches
  5 deep troll earth magi (Depths:1)
  A satyr (shapeshifter) (Elf:3)
  3 death yaks (Lair:5)
  10 alligators
  5 tengu warriors
  37 dancing weapons
  5 orc high priests (Orc:2)
  2 vampire magi (Depths:1)
  15 deep elf knights
  Nergalle (D:11)
  3 iron trolls (Depths:1)
  35 deep trolls
  A sea snake (shapeshifter) (D:15)
  5 goliath frogs
  11 pharaoh ants
  3 skeletal warriors (D:14)
  4 steelbarb worms
  A glowing orange brain (Vaults:1)
  10 orb spiders
  6 spriggan druids
  An orange crystal statue (Vaults:2)
  2 sun moths
  7 deep elf archers
  6 bog bodies
  A phantasmal warrior (Vaults:1)
  14 swamp dragons
  6 ironbound convokers
  13 lindwurms
  Pikel (D:6)
  8 harpies (Vaults:1)
  29 deep elf pyromancers
  2 wizards
  12 orc knights
  A necromancer (Vaults:1)
  11 cyclopes
  28 deep elf zephyrmancers
  29 wolf spiders
  4 oklob plants (Lair:4)
  18 ugly things
  3 will-o-the-wisps
  4 moths of wrath
  4 orc sorcerers
  A manticore (D:13)
  2 guardian serpents
  An elephant (shapeshifter) (Elf:2)
  7 vault sentinels
  6 elephants (Lair:5)
  14 black mambas
  6 torpor snails
  Maurice (D:11)
  A kobold demonologist (D:10)
  3 gargoyles
  5 rime drakes
  An unseen horror (D:12)
  15 cane toads
  7 yaktaurs
  2 freezing wraiths (D:14)
  10 komodo dragons
  12 demonic crawlers
  3 tengu conjurers
  3 bloated husks (Swamp:3)
  3 trolls
  22 hornets
  3 meliai (Spider:4)
  3 tyrant leeches
  35 tarantellas
  7 dream sheep
  39 slime creatures
  14 blink frogs
  45 jumping spiders
  29 culicivoras
  A shadow (D:11)
  Sigmund (D:2)
  An air elemental (Elf:3)
  2 wraiths
  13 wyverns
  5 basilisks
  2 water elementals
  46 yaks
  12 spriggans
  3 fire elementals
  A human (D:14)
  5 golden eyes (Slime:1)
  19 vampire mosquitoes
  2 steam dragons
  A redback (shapeshifter) (Elf:1)
  60 redbacks
  13 swamp worms
  2 wargs
  An acid dragon (D:13)
  27 water moccasins
  45 orc warriors
  9 swamp drakes
  A sky beast (D:7)
  3 black bears
  An ice beast (D:5)
  The ghost of Depression the Grasshopper, an amateur DrWr (D:3)
  35 wolves
  10 ogres
  3 centaurs
  3 phantoms
  3 lemures (D:6)
  3 kobold brigands
  11 bullfrogs
  A scorpion (D:6)
  2 earth elementals
  A wyvern zombie (D:3)
  3 gnoll sergeants
  4 wights (D:10)
  3 troll zombies (D:11)
  6 killer bees (D:9)
  2 electric eels
  A crimson imp (D:9)
  A centaur zombie (D:3)
  31 orc priests
  2 gnoll boudas
  5 hounds
  7 jellies
  Crazy Yiuf (D:4)
  3 iguanas
  14 orc wizards
  5 ogre zombies (D:11)
  19 gnolls
  8 adders
  2 worms
  A dart slug (D:1)
  99 orcs
  11 ball pythons
  18 endoplasms
  A giant cockroach (D:1)
  14 goblins
  7 hobgoblins
  5 jackals (D:1)
  6 quokkas
  8 bats
  2 frilled lizards (D:1)
  A goblin skeleton (D:11)
  6 goblin zombies (D:11)
  3 hobgoblin zombies (D:11)
  31 kobolds
  An orc skeleton (D:11)
  14 orc zombies (D:11)
  6 rats
  A spectral orc (D:4)
  A bush (Lair:5)
1568 creatures vanquished.

Vanquished Creatures (collateral kills)
  A ghost moth (Spider:1)
  A hydra (Lair:5)
  An alligator (Swamp:3)
  A deep elf knight (Elf:2)
  A deep elf pyromancer (Elf:2)
  A swamp drake (Swamp:3)
6 creatures vanquished.

Vanquished Creatures (others)
  A hydra (Swamp:4)
  A deep elf knight (Elf:2)
  A pharaoh ant (Spider:1)
  A spriggan druid (Swamp:4)
  A bog body (Swamp:2)
  An orb spider (Spider:1)
  2 deep elf zephyrmancers (Elf:2)
  A deep elf pyromancer (Elf:2)
  3 bloated husks
  A hornet (Swamp:4)
  A blink frog (Lair:2)
  A fire elemental (Elf:2)
  3 water moccasins
  A swamp drake (Swamp:4)
  A bullfrog (Lair:2)
  An orc priest (Orc:1)
  A quokka (D:5)
  13 foxfires
  45 fungi
  67 plants
147 creatures vanquished.

Grand Total: 1721 creatures vanquished

Notes
Turn   | Place    | Note
-------+----------+-------------------------------------------
     0 | D:1      | Depression the Naga Warper began the quest for the Orb.
     0 | D:1      | Reached XP level 1. HP: 19/19 MP: 3/3
    26 | D:1      | Learned a level 1 spell: Sting
    53 | D:1      | Reached skill level 1 in Throwing
    84 | D:1      | Reached skill level 1 in Armour
    91 | D:1      | Reached XP level 2. HP: 21/26 MP: 5/5
   131 | D:1      | Reached skill level 1 in Poison Magic
   406 | D:1      | Reached skill level 1 in Transmutations
   409 | D:1      | Reached skill level 2 in Dodging
   418 | D:1      | Reached skill level 2 in Poison Magic
   418 | D:1      | Reached XP level 3. HP: 29/32 MP: 4/6
  1292 | D:2      | HP: 8/32 [poisoned by an adder]
  1294 | D:2      | Reached XP level 4. HP: 7/39 MP: 3/7
  1297 | D:2      | HP: 4/39 [poisoned by an adder]
  1899 | D:2      | Noticed Sigmund
  2033 | D:3      | Found a transporter.
  2076 | D:3      | Found a transporter.
  2109 | D:3      | Noticed Depression's ghost (amateur DrWr)
  2453 | D:3      | Reached skill level 3 in Polearms
  2500 | D:3      | Reached skill level 3 in Spellcasting
  2511 | D:3      | Reached XP level 5. HP: 45/45 MP: 0/9
  2601 | D:3      | Found an ornate altar of the Wu Jian Council.
  2863 | D:4      | Reached skill level 4 in Polearms
  3071 | D:4      | Reached XP level 6. HP: 43/52 MP: 10/10
  3241 | D:4      | Reached skill level 5 in Polearms
  3244 | D:4      | Learned a level 2 spell: Blink
  3248 | D:4      | Learned a level 3 spell: Lesser Beckoning
  3251 | D:4      | Learned a level 2 spell: Poisonous Vapours
  3431 | D:4      | Found a runed translucent door.
  3432 | D:4      | Noticed Crazy Yiuf
  3469 | D:4      | Found a basalt altar of Yredelemnul.
  3560 | D:5      | Entered Level 5 of the Dungeon
  3603 | D:5      | Noticed a water moccasin
  3618 | D:5      | Killed a water moccasin
  3746 | D:5      | Found a white marble altar of Elyvilon.
  3845 | D:5      | Reached skill level 3 in Poison Magic
  3845 | D:5      | Reached XP level 7. HP: 35/61 MP: 10/12
  4193 | D:5      | Reached skill level 3 in Fighting
  4350 | D:5      | Identified the ring "Mesemm" {Drain Will+ rCorr MP+9 Str+9}
  4858 | D:5      | Reached skill level 4 in Translocations
  4858 | D:5      | Reached skill level 4 in Poison Magic
  4859 | D:5      | Reached skill level 4 in Spellcasting
  5186 | D:6      | Noticed a +0 spear
  5186 | D:6      | Noticed a +0 dagger
  5186 | D:6      | Noticed a +0 falchion
  5187 | D:6      | Noticed a +0 short sword
  5188 | D:6      | Noticed a +0 dagger
  5188 | D:6      | Noticed a +0 spear
  5189 | D:6      | Noticed a +0 falchion
  5190 | D:6      | Noticed a +0 short sword
  5253 | D:6      | Found a hide-covered altar of Uskayaw.
  5373 | D:6      | Found Ecirop's Antique Weapon Emporium.
  5435 | D:6      | Found a staircase to the Ecumenical Temple.
  5445 | Temple   | Entered the Ecumenical Temple
  5520 | Temple   | Became a worshipper of Gozag Ym Sagoz the Greedy
  5593 | D:6      | Reached XP level 8. HP: 72/72 MP: 14/14
  5643 | D:6      | Noticed Pikel
  5694 | D:6      | Identified the +8 long sword "Erussom" {vorpal, rC+}
  5818 | D:6      | Killed Pikel
  5819 | D:6      | Reached skill level 4 in Fighting
  5819 | D:6      | Reached skill level 5 in Spellcasting
  5819 | D:6      | Reached skill level 5 in Translocations
  5819 | D:6      | Reached skill level 5 in Poison Magic
  5944 | D:6      | Reached skill level 5 in Fighting
  5949 | D:6      | Learned a level 4 spell: Manifold Assault
  5954 | D:6      | Learned a level 4 spell: Olgreb's Toxic Radiance
  6574 | D:7      | Reached skill level 6 in Poison Magic
  6574 | D:7      | Reached XP level 9. HP: 64/82 MP: 14/16
  6794 | D:7      | Found a hazy altar of Hepliaklqana.
  6845 | D:7      | Reached skill level 6 in Translocations
  6898 | D:7      | Reached skill level 6 in Fighting
  7092 | D:8      | Found a broken altar of Ashenzari.
  7257 | D:8      | Found a snail-covered altar of Cheibriados.
  7297 | D:8      | Reached skill level 7 in Poison Magic
  7344 | D:8      | HP: 15/85 [yak (10)]
  7362 | D:8      | Reached skill level 7 in Fighting
  7362 | D:8      | Reached skill level 7 in Translocations
  7362 | D:8      | Reached skill level 8 in Poison Magic
  7397 | D:8      | Found a flagged portal.
  7496 | Bailey   | Entered a bailey
  7522 | Bailey   | Noticed an orc warlord
  7555 | Bailey   | Noticed an orc knight
  7556 | Bailey   | Gained mutation: Your mind is acute. (Int +4, Str/Dex -1)
                  | [potion of mutation]
  7556 | Bailey   | Lost mutation: Your mind is acute. (Int +4, Str/Dex -1)
                  | [potion of mutation]
  7556 | Bailey   | Gained mutation: You are somewhat resistant to further
                  | mutation. [potion of mutation]
  7569 | Bailey   | Killed an orc knight
  7570 | Bailey   | Reached XP level 10. HP: 42/96 MP: 17/17
  7745 | Bailey   | Found a runed translucent gate.
  7746 | Bailey   | Found a runed translucent gate.
  7747 | Bailey   | Found a runed translucent gate.
  7749 | Bailey   | Noticed an orc knight
  7755 | Bailey   | Reached skill level 8 in Fighting
  7766 | Bailey   | Killed an orc knight
  7767 | Bailey   | Reached skill level 8 in Translocations
  7940 | Bailey   | Killed an orc warlord
  7941 | Bailey   | Reached skill level 9 in Fighting
  8002 | D:8      | Acquired 478 gold pieces
  8585 | D:8      | Reached skill level 10 in Fighting
  8594 | D:8      | Reached skill level 2 in Throwing
  9185 | D:4      | Killed Crazy Yiuf
  9311 | D:3      | Killed Depression's ghost
  9686 | D:2      | Killed Sigmund
  9687 | D:2      | Reached skill level 6 in Spellcasting
  9945 | D:9      | Reached skill level 2 in Armour
 10124 | D:9      | Found a shimmering altar of Xom.
 10125 | D:9      | Found a burning altar of Makhleb.
 10187 | D:9      | Reached XP level 11. HP: 82/108 MP: 20/20
 10281 | D:9      | Noticed a two-headed ogre
 10289 | D:9      | Killed a two-headed ogre
 10290 | D:9      | Reached skill level 10 in Poison Magic
 10418 | D:9      | Learned a level 2 spell: Momentum Strike
 11085 | D:10     | Entered Level 10 of the Dungeon
 11141 | D:10     | Found a staircase to the Lair.
 11159 | D:10     | Reached skill level 11 in Poison Magic
 11504 | D:10     | Reached skill level 12 in Poison Magic
 11654 | D:10     | Found an ancient bone altar of Kikubaaqudgha.
 11971 | Lair:1   | Entered Level 1 of the Lair of Beasts
 12124 | Lair:1   | Reached skill level 9 in Translocations
 12715 | Lair:1   | Reached skill level 1 in Evocations
 12934 | Lair:1   | Reached skill level 7 in Spellcasting
 12934 | Lair:1   | Reached skill level 10 in Translocations
 12934 | Lair:1   | Reached XP level 12. HP: 109/116 MP: 22/22
 12997 | Lair:1   | Reached skill level 1 in Conjurations
 13008 | Lair:1   | Reached skill level 2 in Evocations
 13139 | Lair:1   | Reached skill level 2 in Conjurations
 13525 | Lair:2   | Found a staircase to the Swamp.
 13535 | Lair:2   | HP: 23/116 [will-o-the-wisp (7)]
 13538 | Lair:2   | HP: 11/116 [will-o-the-wisp/foxfire (14)]
 13541 | Lair:2   | Reached skill level 3 in Conjurations
 14333 | Lair:2   | Reached skill level 4 in Conjurations
 14400 | Lair:2   | Reached skill level 8 in Spellcasting
 14660 | Lair:2   | Identified the +1 leather armour of the Lute {Regen+ rCorr
                  | Int-2}
 14778 | Lair:2   | Noticed a boulder beetle
 14785 | Lair:2   | Noticed an eight-headed hydra
 14786 | Lair:2   | Killed a boulder beetle
 14786 | Lair:2   | Noticed a six-headed hydra
 14994 | Lair:2   | Identified the +2 dagger "No More Talking" {flame, Int+5}
 15004 | Lair:2   | Reached skill level 5 in Conjurations
 15255 | Lair:3   | Noticed a catoblepas
 15271 | Lair:3   | Killed a catoblepas
 15272 | Lair:3   | Reached skill level 1 in Fire Magic
 15482 | Lair:3   | Found a sacrificial altar of Ru.
 15755 | Lair:3   | Reached skill level 2 in Fire Magic
 16006 | Lair:3   | Reached skill level 9 in Spellcasting
 16219 | Lair:3   | Found a hole to the Spider Nest.
 16352 | Lair:3   | Reached skill level 6 in Conjurations
 16553 | Lair:3   | Reached skill level 3 in Fire Magic
 16609 | Lair:3   | Identified the ring "Pisk" {rN+ Will- AC+4 Dex+7}
 16622 | Lair:3   | Learned a level 5 spell: Fireball
 16667 | Lair:4   | Gained mutation: You can use your snake-like lower body to
                  | constrict enemies. [Naga growth]
 16667 | Lair:4   | Reached XP level 13. HP: 106/123 MP: 5/26
 16810 | Lair:4   | Reached skill level 4 in Fire Magic
 17016 | Lair:4   | Found a transporter.
 17016 | Lair:4   | Found a transporter.
 17381 | Lair:4   | Reached skill level 7 in Conjurations
 17671 | Lair:4   | Found a viscous altar of Jiyva.
 17680 | Lair:4   | Reached skill level 5 in Fire Magic
 18056 | Lair:4   | Found a staircase to the Slime Pits.
 18539 | Lair:5   | Entered Level 5 of the Lair of Beasts
 18567 | Lair:5   | Reached skill level 10 in Spellcasting
 18571 | Lair:5   | Reached skill level 8 in Conjurations
 18786 | Lair:5   | Reached skill level 9 in Conjurations
 19512 | Lair:5   | Reached skill level 6 in Fire Magic
 19792 | Lair:5   | Reached skill level 10 in Conjurations
 19948 | Lair:5   | Reached skill level 7 in Fire Magic
 19953 | Lair:5   | HP: 26/123 [cane toad (11)]
 19956 | Lair:5   | Reached XP level 14. HP: 21/132 MP: 12/28
 20283 | Lair:5   | Reached skill level 8 in Fire Magic
 20418 | Lair:5   | HP: 33/132 [poisoned by a black mamba]
 20724 | Lair:5   | Reached skill level 3 in Evocations
 20732 | Lair:5   | Noticed a dire elephant
 21270 | Lair:5   | Reached skill level 4 in Evocations
 21797 | Lair:5   | Killed a dire elephant
 22005 | Lair:5   | Reached skill level 5 in Evocations
 22132 | Lair:5   | Noticed a dire elephant
 22146 | Lair:5   | Reached skill level 11 in Spellcasting
 22157 | Lair:5   | HP: 33/132 [dire elephant (10)]
 22164 | Lair:5   | Killed a dire elephant
 22185 | Lair:5   | Got The Incunable of Greatest Risks and Utility
 23042 | Lair:2   | Identified the +3 sling "Naramis" {drain, rN+ Int+4}
 23262 | D:10     | Learned a level 6 spell: Starburst
 23281 | D:11     | Noticed Nergalle
 23287 | D:11     | Killed Nergalle
 23627 | D:11     | Found a staircase to the Orcish Mines.
 23816 | D:11     | Noticed Maurice
 23820 | D:11     | Killed Maurice
 24390 | D:11     | Reached skill level 12 in Spellcasting
 24665 | Orc:1    | Entered Level 1 of the Orcish Mines
 24933 | Orc:2    | Entered Level 2 of the Orcish Mines
 24933 | Orc:2    | Noticed an orc warlord
 24936 | Orc:2    | Reached skill level 11 in Conjurations
 24945 | Orc:1    | Killed an orc warlord
 25457 | Orc:2    | Found a staircase to the Elven Halls.
 25481 | Orc:2    | Found Teirruq's Book Emporium.
 26113 | Orc:2    | Reached skill level 12 in Conjurations
 26114 | Orc:2    | Reached XP level 15. HP: 67/138 MP: 21/31
 26139 | Orc:2    | HP: 49/210 [orc knight/+0 war axe (11)]
 26144 | Orc:2    | HP: 42/210 [orange demon[an orc high priest] (4)]
 26148 | Orc:2    | Reached skill level 11 in Fighting
 26410 | Orc:2    | Found Tuank's Weapon Shop.
 26410 | Orc:2    | Found Kyri Kua's Distillery.
 26411 | Orc:2    | Found Voab's Armour Boutique.
 26411 | Orc:2    | Found Axzovuf's Antique Weapon Shop.
 26418 | Orc:2    | Bought a potion of might for 56 gold pieces
 26418 | Orc:2    | Bought a potion of cancellation for 112 gold pieces
 26418 | Orc:2    | Bought a potion of cancellation for 112 gold pieces
 27162 | D:11     | Bought the ring "Tiyt Gibay" {Fire +Blink Will+ Str+4
                  | Dex+3} for 830 gold pieces
 27271 | D:12     | Reached skill level 1 in Shields
 28190 | D:12     | Reached skill level 2 in Shields
 29418 | D:13     | Reached skill level 1 in Axes
 29871 | D:14     | Reached skill level 12 in Fighting
 29871 | D:14     | Reached skill level 3 in Shields
 30006 | D:14     | HP: 23/144 [cyclops (23)]
 30009 | D:14     | Reached skill level 2 in Axes
 30495 | D:14     | Reached skill level 9 in Fire Magic
 30734 | D:14     | Reached skill level 3 in Axes
 30923 | D:14     | Noticed Agnes
 30929 | D:14     | Killed Agnes
 30930 | D:14     | Reached skill level 4 in Shields
 31069 | D:14     | Acquired the ring "Eqeerotz" {rElec Str+3 Dex+6 Slay+3}
 31301 | D:14     | Found a gate to the Vaults.
 31307 | D:14     | Reached XP level 16. HP: 135/152 MP: 19/32
 31575 | D:15     | Entered Level 15 of the Dungeon
 31589 | D:15     | Reached skill level 4 in Axes
 31999 | D:15     | Reached skill level 13 in Conjurations
 32205 | D:15     | Reached skill level 5 in Shields
 32222 | D:15     | Found a staircase to the Depths.
 32513 | D:15     | Reached skill level 5 in Axes
 32544 | D:15     | Found a shadowy altar of Dithmenos.
 32960 | D:15     | Found a sacrificial altar of Ru.
 33148 | Swamp:1  | Entered Level 1 of the Swamp
 33154 | Swamp:1  | Reached skill level 10 in Fire Magic
 33186 | Swamp:1  | HP: 19/152 [bunyip[a spriggan druid] (37)]
 33544 | Swamp:1  | Reached skill level 7 in Axes
 33544 | Swamp:1  | Reached skill level 14 in Conjurations
 33544 | Swamp:1  | Reached XP level 17. HP: 159/159 MP: 33/33
 33597 | Swamp:1  | You fall into a shaft and drop 1 floor!
 34097 | Swamp:1  | Reached skill level 8 in Axes
 34214 | Swamp:1  | Learned a level 2 spell: Scorch
 35231 | Swamp:2  | Reached skill level 9 in Axes
 36010 | Swamp:3  | Reached skill level 6 in Shields
 36364 | Swamp:3  | HP: 20/159 [alligator[a spriggan druid] (28)]
 36364 | Swamp:3  | HP: 7/159 [six-headed hydra[a spriggan druid] (13)]
 36803 | Swamp:3  | Reached XP level 18. HP: 161/168 MP: 21/34
 36957 | Swamp:3  | Reached skill level 7 in Shields
 37338 | Swamp:3  | Identified the +1 ring mail of Hairiness {rElec rPois rC++}
 37585 | Swamp:4  | Entered Level 4 of the Swamp
 37585 | Swamp:4  | Noticed Nikola
 37666 | Swamp:4  | Reached skill level 15 in Conjurations
 37895 | Swamp:4  | Killed Nikola
 37897 | Swamp:4  | Reached skill level 3 in Armour
 38571 | Swamp:4  | Reached skill level 8 in Shields
 38602 | Swamp:3  | Reached skill level 4 in Armour
 39063 | Swamp:4  | HP: 38/168 [five-headed hydra (20)]
 39852 | Swamp:4  | Got a decaying rune of Zot
 40295 | Spider:1 | Entered Level 1 of the Spider Nest
 40295 | Spider:1 | Noticed Aizul
 40303 | Spider:1 | Killed Aizul
 40305 | Spider:1 | Reached skill level 5 in Armour
 40725 | Spider:1 | Reached skill level 9 in Shields
 40733 | Lair:3   | Reached skill level 16 in Conjurations
 41379 | Spider:1 | Reached skill level 3 in Dodging
 41976 | Spider:2 | Reached XP level 19. HP: 175/175 MP: 26/35
 42072 | Spider:2 | Reached skill level 4 in Dodging
 42072 | Spider:2 | Reached skill level 10 in Shields
 42425 | Spider:2 | Reached skill level 5 in Dodging
 43244 | Spider:3 | Reached skill level 11 in Fire Magic
 43916 | Spider:3 | Reached skill level 12 in Fire Magic
 44278 | Spider:3 | Noticed Arachne
 44295 | Spider:3 | Killed Arachne
 44790 | Spider:4 | Entered Level 4 of the Spider Nest
 44814 | Spider:4 | Reached skill level 13 in Fire Magic
 46007 | Spider:4 | Reached skill level 14 in Fire Magic
 46693 | Spider:4 | HP: 40/175 [emperor scorpion (20)]
 46710 | Spider:4 | Reached XP level 20. HP: 80/184 MP: 6/36
 46921 | Spider:4 | Got a gossamer rune of Zot
 47216 | Depths:1 | Entered Level 1 of the Depths
 47229 | Depths:1 | Reached skill level 10 in Axes
 47743 | Depths:1 | Reached skill level 6 in Armour
 48021 | Depths:1 | HP: 21/186 [ettin/+0 dire flail (30)]
 48024 | Depths:1 | Reached skill level 11 in Shields
 48072 | Depths:2 | HP: 21/186 [stone giant (28)]
 48359 | Depths:1 | Reached skill level 13 in Fighting
 48601 | Depths:1 | Identified the +6 chain mail "Werakk" {rN+ Will+ Stlth+}
 48904 | Depths:1 | Found a gateway to Hell.
 49290 | Slime:1  | Entered Level 1 of the Pits of Slime
 49472 | Slime:1  | Reached skill level 11 in Axes
 49477 | Slime:1  | Reached skill level 7 in Armour
 49480 | Slime:1  | HP: 40/187 [acid blob (10)]
 49953 | Elf:1    | Entered Level 1 of the Elven Halls
 51366 | Elf:2    | Reached XP level 21. HP: 76/196 MP: 30/37
 51713 | Elf:2    | Found Esium's Book Boutique.
 52041 | Elf:2    | Found a runed translucent gate.
 52045 | Elf:2    | Reached skill level 8 in Armour
 52045 | Elf:2    | Found a runed translucent gate.
 52045 | Elf:2    | Found a runed translucent gate.
 52083 | Elf:2    | Reached skill level 12 in Shields
 52132 | Elf:2    | Reached skill level 12 in Axes
 52330 | Elf:2    | Reached skill level 14 in Fighting
 52519 | Elf:2    | HP: 45/198 [+0 halberd of protection (11)]
 52524 | Elf:2    | HP: 48/198 [+0 halberd of protection (1)]
 53077 | Elf:3    | Entered Level 3 of the Elven Halls
 53502 | Elf:3    | Paralysed by an air elemental for 1 turns
 53546 | Elf:3    | Found Onneq's Antique Weapon Shoppe.
 53546 | Elf:3    | Found Satwued's Antique Weapon Emporium.
 54155 | Elf:3    | HP: 27/198 [deep elf annihilator/iron shot (48)]
 54166 | Elf:3    | Identified the +7 battleaxe of the Fulmar {protect, rC+}
 54186 | Elf:3    | Identified the ring "Kuem Dyr" {rPois SInv}
 54253 | Elf:3    | Reached skill level 9 in Armour
 54745 | Elf:3    | Identified the amulet of Laidet {rPois Regen+ SInv}
 55186 | Elf:3    | Identified the ring of Departure {+Blink MP+9 Int+3}
 55212 | Elf:3    | Reached skill level 13 in Axes
 55469 | Elf:3    | Reached skill level 13 in Shields
 55593 | Elf:3    | Got Evepoz's Precepts of the Lithosphere and Death
 55626 | Elf:3    | Identified the +6 rapier "Temaif" {flame, Dex+2}
 55628 | Elf:3    | Got the Compilation of Combative Ignition
 55991 | Vaults:1 | Entered Level 1 of the Vaults
 57018 | Vaults:1 | Reached XP level 22. HP: 190/206 MP: 8/38
 57238 | Vaults:1 | Reached skill level 10 in Armour
 57669 | Vaults:1 | Reached skill level 14 in Shields
 58909 | Vaults:2 | Learned a level 2 spell: Wereblood
 58999 | Vaults:2 | Found Jajez's Book Shop.
 59296 | Vaults:2 | Reached skill level 2 in Transmutations
 59816 | Vaults:2 | Noticed Saint Roka
 59826 | Vaults:2 | Reached skill level 15 in Shields
 59829 | Vaults:2 | Killed Saint Roka
 59830 | Vaults:2 | Reached skill level 15 in Fire Magic
 60231 | Vaults:2 | Identified the +2 long sword of Contradiction {pain, rC-
                  | rN+ Int+4 SInv}
 60372 | Vaults:3 | Noticed Jory
 60385 | Vaults:3 | Killed from afar by Jory

Illustrated notes

Levels and vault maps discovered:
D:1:      dpeg_arrival_shrine, layout_basic, dreamdust_princess_bridge
D:2:      layout_basic, grunt_ministairs_8, uniq_sigmund
D:3:      layout_basic, nzn_wu_jian_council_hall, gammafunk_ghost_mausoleum
D:4:      layout_rooms, yredelemnul_forgotten_temple_becter, corexii_shack,
          roderic_st_hans_cross, uniq_crazy_yiuf_cottage
D:5:      layout_loops_corners, elyvilon_altar_4, lightli_minifort
D:6:      layout_gridville, nicolae_uskayaw_en_pointe, temple_pool_b,
          serial_glass, glass_columns_c, glass_columns_a,
          minmay_misc_feat_roman, nicolae_inconvenience_store, uniq_pikel
D:7:      layout_loops_corners, nzn_hepliaklqana_mist_gate
D:8:      lemuel_slime, layout_basic, lemuel_crystal_altar, kennysheep_mini,
          enter_bailey_5, kennysheep_generic_room_7
D:9:      layout_long_grid, grunt_temple_overflow_champion_of_chaos
D:10:     layout_rooms, nicolae_kikubaaqudgha_miasma_corner, dpeg_oklobed_lair
D:11:     layout_irregular_city, zombieorc2_lemuel,
          nrook_guardian_serpent_ordinary, uniq_maurice, uniq_nergalle
D:12:     layout_roguey [special_room_orc], lightli_corner_chamber
D:13:     layout_rooms, minivault_16, chequers_mini_garden
D:14:     layout_rooms, grunt_vaults_entry_fortified, uniq_agnes
D:15:     gammafunk_enter_depths_forms, layout_cave_pods,
          nicolae_ru_sacrificial_ziggurat, serial_column_ruins,
          column_ruins_circle_medium, column_ruins_square_medium,
          column_ruins_grid_4, column_ruins_corridor_straight,
          column_ruins_open_tiny, grunt_dithmenos_smoke_and_mirrors
Temple:   nicolae_temple_hex_pool
Lair:1:   layout_regular_city, beast_lair_carwin_11, grunt_megastairs_2
Lair:2:   layout_loops_ring, minmay_swamp_entry_wisps, nzn_random_ring
Lair:3:   layout_long_grid, hellmonk_spider_entry_life_and_decay, basic_altar
Lair:4:   gammafunk_boulding_lane, layout_gridlike,
          minmay_slime_entry_oklob_enclosed
Lair:5:   hangedman_lair_tendril_chambers, layout_long_grid,
          hangedman_lair_in_review
Swamp:1:  layout_basic_swamp, evilmike_swamp_ruin_house_1, swamp_pool1,
          ldierk_geyser
Swamp:2:  layout_basic_swamp, nicolae_swamp_very_dense_foliage, swamp_pool1,
          grunt_witch_cave
Swamp:3:  layout_basic_swamp, serial_swamp_ruin, evilmike_swamp_ruin_house_3,
          evilmike_swamp_ruin_rubble_2, swamp_pool5, roderic_carrion_pond
Swamp:4:  swamp, layout_basic_swamp, swamp_pool4, uniq_nikola
Spider:1: layout_spider_delve, uniq_aizul
Spider:2: layout_spider_delve, nicolae_spider_eight_legs
Spider:3: layout_cave_pods, hangedman_spider_tarantella_strand, uniq_arachne
Spider:4: spider_rune_water
Slime:1:  layout_caves
Orc:1:    layout_diamond_mine, nicolae_orc_tapped_out
Orc:2:    st_orc_pillars, layout_caves, serial_shops, shop
Elf:1:    eino_elf_arrival_sip, layout_geoelf_octagon, hangedman_elf_represent
Elf:2:    nicolae_elf_blades_splatter_lattice [nicolae_blade_tridents],
          layout_rooms, serial_shops, nicolae_shop_hallway_stairs, minivault_28
Elf:3:    elf_hall, layout_loops_corners, minmay_curled_crystal,
          minmay_shoptagon
Vaults:1: nicolae_vaults_ninety_degrees, dpeg_vaults_monster_row,
          vaults_room_corners, vaults_standard_mumra_enter_the_diamond,
          v_misc_33, nicolae_vaults_triangles, vaults_room_pools,
          ontoclasm_vaults_pinch, layout_vaults_omnigrid
Vaults:2: nicolae_vaults_asterisk, hangedman_vaults_river_flow,
          nicolae_vaults_statue_guard, nicolae_vaults_network_star,
          v_alt_pattern_2, v_misc_26, v_alt_pattern_3, vaults_mumra_hex,
          nicolae_vaults_little_squares_4, v_misc_27, layout_vaults_omnicross,
          serial_shops, shop, uniq_saint_roka
Vaults:3: st_lattice, vaults_mumra_minichess_inversion,
          minmay_crypt_entry_necro_gods, hangedman_vaults_variations,
          nicolae_vaults_network_square, v_misc_32, nicolae_vaults_theta,
          v_alt_pattern_2, vaults_dpeg_ring, ontoclasm_vaults_chip,
          nicolae_vaults_circle_grid_b, nicolae_vaults_rhombus_7,
          nicolae_vaults_little_squares_4, ontoclasm_vaults_ring_small,
          layout_vaults_ring, uniq_jory
Depths:1: layout_cave_pools, pf_dread_powers_of_hell, eino_curves_01,
          chequers_serial_rivers_micro_e, minmay_starry_boxes
Depths:2: cheibrodos_tormentor_scu, layout_gridville, gammafunk_ghost_smash,
          rand_demon_pan_entry_8, hell_entry, minmay_tree_intersection,
          uniq_enchantress

Skill      XL: |  1  2  3  4  5  6  7  8  9 10 11 12 13 14 15 16 17 18 19 20 21 22 |
---------------+-------------------------------------------------------------------+-----
Throwing       | 1 2 |  2.0
Armour         | 1 2 5 7 9 10 | 10.0
Poison Magic   | 2 3 4 6 8 12 | 12.0
Transmutations | 1 2 |  2.0
Dodging        | 2 3 5 |  5.0
Polearms       | 3 4 5 |  5.0
Spellcasting   | 3 4 5 6 7 9 10 12 | 12.0
Fighting       | 3 5 7 10 12 13 14 | 14.0
Translocations | 4 5 7 8 10 | 10.0
Evocations     | 1 2 5 |  5.0
Conjurations   | 6 10 12 14 16 | 16.0
Fire Magic     | 3 7 8 9 10 14 15 | 15.2
Shields        | 4 5 6 9 10 11 13 15 | 15.0
Axes           | 3 7 9 11 13 | 13.6

Action                   |  1- 3 |  4- 6 |  7- 9 | 10-12 | 13-15 | 16-18 | 19-21 | 22-24 || total
-------------------------+-------+-------+-------+-------+-------+-------+-------+-------++-------
Melee: Spear             |   114 |   153 |   108 |       |       |       |       |       ||   375
       Punch             |       |       |     2 |     5 |     6 |     1 |       |       ||    14
       Long sword        |       |       |    97 |   115 |       |       |       |       ||   212
       Broad axe         |       |       |       |   324 |   796 |   225 |   711 |   166 ||  2222
       Constrict         |       |       |       |       |    86 |    40 |   170 |    34 ||   330
Throw: Boomerang         |       |     8 |    16 |    21 |   138 |     1 |    46 |     1 ||   231
       Dart              |       |       |       |     7 |       |       |       |       ||     7
 Cast: Sting             |    17 |    50 |    96 |    97 |     3 |       |       |       ||   263
       Manifold Assault  |       |       |     3 |    77 |   168 |    17 |    18 |     6 ||   289
       Blink             |       |       |     5 |    18 |    25 |    12 |     7 |       ||    67
       Poisonous Vapours |       |       |     2 |    17 |   103 |       |       |     1 ||   123
       Olgreb's Toxic Ra |       |       |       |    39 |    55 |    16 |   110 |     5 ||   225
       Lesser Beckoning  |       |       |       |     1 |    12 |     2 |       |     1 ||    16
       Momentum Strike   |       |       |       |    16 |    27 |     1 |     1 |       ||    45
       Fireball          |       |       |       |       |    91 |   162 |   158 |    33 ||   444
       Starburst         |       |       |       |       |    31 |    85 |    84 |    35 ||   235
       Scorch            |       |       |       |       |       |    13 |     5 |       ||    18
Invok: Potion Petition   |       |       |       |     2 |     2 |     4 |    15 |     1 ||    24
       Call Merchant     |       |       |       |       |     1 |       |       |       ||     1
 Abil: Spit Poison       |    28 |    33 |    63 |   101 |    42 |     6 |    10 |     2 ||   285
Evoke: Wand              |       |       |       |       |    19 |    23 |     3 |       ||    45
       Box of beasts     |       |       |       |       |     1 |     3 |     3 |     1 ||     8
  Use: Scroll            |       |       |     5 |    13 |    17 |     3 |    11 |       ||    49
       Potion            |       |       |     2 |     1 |     5 |     2 |     9 |       ||    19
 Stab: Distracted        |       |       |     1 |       |     4 |     2 |     7 |     3 ||    17
       Petrified         |       |       |       |       |     2 |       |       |       ||     2
       Invisible         |       |       |       |       |       |       |     4 |       ||     4
Armor: Leather armour    |    17 |    42 |    17 |       |    95 |    86 |       |       ||   257
       Ring mail         |       |       |    66 |   224 |   424 |   159 |   379 |    57 ||  1309
Dodge: Dodged            |    53 |    49 |   103 |   203 |   344 |   169 |   254 |    36 ||  1211
Block: Kite shield       |       |       |       |       |       |   367 |   812 |   137 ||  1316
       Reflection        |       |       |       |       |       |     2 |    41 |     3 ||    46

Table legend: (Time is in decaauts)
 A = Elapsed time spent in this place.
 B = Non-inter-level travel time spent in this place.
 C = Inter-level travel time spent in this place.
 D = Time resting spent in this place.
 E = Time spent auto-exploring this place.
 F = Levels seen in this place.
 G = Mean time per level.
                   A        B        C        D        E       F      G
               +--------+--------+--------+--------+--------+-----+--------+
         Total |  72010 |  67592 |   4418 |   8604 |  44067 |  41 | 1756.3 |
       Dungeon |  23652 |  21680 |   1972 |   2624 |  12911 |  15 | 1576.8 |
        Temple |    135 |    106 |     29 |      0 |     85 |   1 |  135.0 |
          Lair |  14940 |  14011 |    929 |   3580 |   6976 |   5 | 2988.0 |
         Swamp |   8419 |   7965 |    454 |   1011 |   6138 |   4 | 2104.8 |
   Spider Nest |   6932 |   6718 |    214 |      0 |   5529 |   4 | 1733.0 |
    Slime Pits |    228 |    228 |      0 |      0 |    156 |   1 |  228.0 |
  Orcish Mines |   3088 |   2822 |    266 |    664 |   1694 |   2 | 1544.0 |
   Elven Halls |   6755 |   6444 |    311 |    518 |   4762 |   3 | 2251.7 |
        Vaults |   5213 |   5053 |    160 |      0 |   4178 |   3 | 1737.7 |
        Depths |   2054 |   1974 |     80 |      2 |   1636 |   2 | 1027.0 |
        Bailey |    589 |    589 |      0 |    203 |      0 |   1 |  589.0 |
               +--------+--------+--------+--------+--------+-----+--------+

Top non-repeatable levels by time:
  Lair:5: 4500 daAuts
 Swamp:3: 3577 daAuts
   Elf:3: 3131 daAuts
  Lair:3: 2904 daAuts
  Lair:2: 2854 daAuts
Vaults:1: 2684 daAuts
  Lair:4: 2575 daAuts
Vaults:2: 2445 daAuts
Spider:4: 2392 daAuts
  Lair:1: 2106 daAuts
    D:11: 2069 daAuts
Spider:3: 2059 daAuts
   Elf:2: 2027 daAuts
    D:14: 2004 daAuts
     D:5: 2003 daAuts
